 Dungeon Crawl Stone Soup version 0.20.1-1-g8b1a95d (webtiles) character file.

4261 polve the Grappler (level 10, -3/107 HPs)
             Began as a Troll Fighter on Aug 13, 2017.
             Slain by a komodo dragon (26 damage)
             ... on level 8 of the Dungeon.
             The game lasted 00:06:18 (5427 turns).

polve the Grappler (Troll Fighter)                  Turns: 5427, Time: 00:06:19

Health: -3/107     AC:  4    Str: 26    XL:     10   Next: 10%
Magic:  8/8        EV:  8    Int:  4    God:
Gold:   377        SH:  9    Dex: 12    Spells: 9/9 levels left

rFire    + . .     SeeInvis +     - Unarmed
rCold    . . .     Gourm    +   b - +0 shield
rNeg     . . .     Faith    .   a - +0 robe
rPois    +         Spirit   .   (helmet restricted)
rElec    .         Reflect  .   (no cloak)
rCorr    .         Harm     .   (gloves unavailable)
MR       .....                  (boots unavailable)
Stlth    +.........             (no amulet)
Regen    0.7/turn               (no ring)
MPRegen  0.2/turn               (no ring)

@: no status effects
A: unfitting armour, claws 3, horns 2, see invisible, deformed body, fire
resistance 1, fast metabolism 3, gourmand, low mp 1, poison resistance,
regeneration 1, shaggy fur 1, tough skin 2
a: no special abilities


You were on level 8 of the Dungeon.
You were completely stuffed.

You visited 2 branches of the dungeon, and saw 9 of its levels.
You also visited: Sewer.

You collected 377 gold pieces.

Inventory:

Armour
 a - a +0 robe (worn)
 b - a +0 shield (worn)
Jewellery
 y - an uncursed ring of protection from fire {unknown}
Wands
 n - a wand of confusion (29/48)
 t - a wand of polymorph (15/24)
 u - a wand of acid (10/15)
 E - a wand of paralysis (10/24)
Scrolls
 i - 3 scrolls of teleportation
 m - 2 scrolls of immolation {unknown}
 q - 2 scrolls of identify
 r - a scroll of amnesia {unknown}
 s - a scroll of holy word {unknown}
 v - 2 scrolls of recharging
 w - a scroll of fog {unknown}
 x - 3 scrolls of blinking
 C - a scroll of magic mapping {unknown}
 F - a scroll of brand weapon {unknown}
 G - 3 scrolls of remove curse
Potions
 c - 3 potions of might
 e - a potion of mutation {unknown}
 f - a potion of flight {unknown}
 h - 3 potions of brilliance {unknown}
 k - a potion of agility {unknown}
 l - a potion of cancellation {unknown}
 o - 2 potions of curing {unknown}
 p - a potion of lignification {unknown}
 z - 3 potions of haste {unknown}
 A - 2 potions of magic {unknown}
 B - 3 potions of heal wounds
 I - a potion of berserk rage {unknown}
Comestibles
 d - 5 bread rations
 g - 4 royal jellies
 j - 2 meat rations
 D - 3 fruits
 H - 19 chunks of flesh


   Skills:
 + Level 9.1 Fighting
 - Level 2.4 Dodging
 - Level 2.4 Shields
 + Level 10.6 Unarmed Combat


You had 9 spell levels left.
You didn't know any spells.

Dungeon Overview and Level Annotations

Branches:
Dungeon (8/15)             Temple (1/1) D:4            Lair (0/6) D:8

Altars:
Ashenzari
Cheibriados
Dithmenos
Elyvilon
Fedhas
Gozag
Hepliaklqana
Kikubaaqudgha
Makhleb
Nemelex Xobeh
Okawaru
Qazlal
Sif Muna
Trog
Uskayaw
Vehumet
Xom
Zin
The Shining One


Innate Abilities, Weirdness & Mutations

You are too large for most types of armour.
You have claws for hands.
Your metabolism is lightning-fast.
You like to eat raw meat.
Your natural rate of healing is unusually fast.
You are covered in fur. (AC +1)
You have very tough skin. (AC +2)
You have a pair of horns on your head.
You have supernaturally acute eyesight. (SInv)
Armour fits poorly on your strangely shaped body.
Your flesh is heat resistant. (rF+)
Your magical capacity is low. (-10% MP)
Your system is resistant to poisons. (rPois)


Message History

You claw the plant!
The plant is severely damaged.
The komodo dragon bites you but does no damage.
You scratch the plant.
The plant is almost destroyed.
The komodo dragon bites you!
You scratch the plant.
The plant is almost destroyed.
The komodo dragon bites you but does no damage.
You scratch the plant but do no damage.
The plant is almost destroyed.
The komodo dragon bites you!!
You claw the komodo dragon!
The komodo dragon is moderately wounded.
The komodo dragon bites you!!
* * * LOW HITPOINT WARNING * * *
You scratch the komodo dragon. You headbutt the komodo dragon!
The komodo dragon is severely wounded.
The komodo dragon bites you!!
You die...

.#######.#.# .#.......#.#
##.## #(.
'#.##....#.###...######..
...##.##.#.##PP...##.##.#
......##.#.#PP.....#.##.#
..######...#PPPP...#.##.#
..########.#PPPP.....##.#
...........#PPPPP....##.####
..######...#PP.P@..........#
..# #...#P..lPP..#.#.##.#
..# #...#P.>.PPP.#...##.#
..## #...#P...PP.###..##.#
...# #...#PPPPP..# #.....#
## ...## #...##PPPPP##
#..########. ....#
#...######## #..# #.....
....# #...# #..####'####
....# #...#
#######...........


You could see a komodo dragon.

Vanquished Creatures
  A two-headed ogre (D:8)
  Pikel (D:5)
  2 hippogriffs (D:8)
  Sigmund (D:6)
  2 ice beasts (D:8)
  A slave (D:5)
  3 sky beasts
  A black bear (D:8)
  A phantom (D:5)
  An eye of draining (D:8)
  3 centaurs
  3 ogres
  3 bullfrogs
  A wyvern skeleton (D:8)
  3 scorpions
  3 killer bees (D:8)
  4 wights (D:8)
  3 crimson imps
  A centaur zombie (D:5)
  3 jellies
  2 bullfrog skeletons
  2 orc priests
  3 orc wizards
  A centaur skeleton (D:4)
  An iguana (D:7)
  2 worker ants
  A howler monkey skeleton (D:7)
  6 river rats (Sewer)
  9 adders
  3 oozes
  An adder skeleton (D:5)
  A worm (D:4)
  A dart slug (D:4)
  8 leopard geckos
  16 orcs
  14 ball pythons
  7 giant cockroaches
  2 goblins (D:2)
  10 hobgoblins
  3 jackals (D:3)
  7 kobolds
  4 quokkas
  5 bats
  7 frilled lizards
  A jackal zombie (D:5)
  30 rats
  A plant (D:8)
189 creatures vanquished.

Vanquished Creatures (others)
  An ice beast (D:5)
  A sky beast (D:5)
  A hound (D:5)
3 creatures vanquished.

Grand Total: 192 creatures vanquished

Notes
Turn   | Place    | Note
-------+----------+-------------------------------------------
     0 | D:1      | polve the Troll Fighter began the quest for the Orb.
     0 | D:1      | Reached XP level 1. HP: 22/22 MP: 0/0
   121 | D:1      | Reached XP level 2. HP: 29/29 MP: 1/1
   373 | D:2      | Reached XP level 3. HP: 35/36 MP: 2/2
   408 | D:2      | Reached skill level 3 in Unarmed Combat
   912 | D:3      | Found an iron altar of Okawaru.
   912 | D:3      | Found a shattered altar of Ashenzari.
   917 | D:3      | Found a hazy altar of Hepliaklqana.
   919 | D:3      | Found a faded altar of an unknown god.
   921 | D:3      | Found a shadowy altar of Dithmenos.
  1060 | D:3      | Reached XP level 4. HP: 45/45 MP: 3/3
  1085 | D:3      | HP: 2/45 [orc priest/divine providence (13)]
  1094 | D:3      | HP: 1/45 [orc/flail (5)]
  1415 | D:4      | Reached skill level 4 in Unarmed Combat
  1508 | D:4      | Found a staircase to the Ecumenical Temple.
  1516 | D:4      | Reached XP level 5. HP: 46/54 MP: 4/4
  1601 | Temple   | Entered the Ecumenical Temple
  1866 | D:4      | Noticed a centaur
  1872 | D:4      | Killed a centaur
  1904 | D:4      | Reached XP level 6. HP: 62/62 MP: 5/5
  1927 | D:4      | Found an iron altar of Okawaru.
  2093 | D:4      | Reached skill level 5 in Unarmed Combat
  2327 | D:5      | Entered Level 5 of the Dungeon
  2414 | D:5      | Noticed a slave
  2415 | D:5      | Noticed Pikel
  2415 | D:5      | Noticed a slave
  2416 | D:5      | Noticed a slave
  2418 | D:5      | Noticed a slave
  2419 | D:5      | Killed a slave
  2435 | D:5      | Killed Pikel
  2435 | D:5      | Reached skill level 5 in Fighting
  2435 | D:5      | Reached skill level 6 in Unarmed Combat
  2435 | D:5      | Reached XP level 7. HP: 11/74 MP: 6/6
  2728 | D:5      | Reached skill level 7 in Unarmed Combat
  2728 | D:5      | Reached XP level 8. HP: 83/83 MP: 7/7
  2732 | D:5      | Gained mutation: Your muscles are strong. (Str +2) [mutagenic meat]
  2733 | D:5      | Gained mutation: You have a pair of small horns on your head. [mutagenic meat]
  2734 | D:5      | Gained mutation: Your system is resistant to poisons. (rPois) [mutagenic meat]
  2736 | D:5      | Gained mutation: Your flesh is heat resistant. (rF+) [mutagenic meat]
  3170 | D:6      | Noticed Sigmund
  3175 | D:6      | Killed Sigmund
  3355 | D:6      | Found a glowing drain.
  3363 | Sewer    | Entered a sewer
  3547 | Sewer    | Reached skill level 8 in Unarmed Combat
  4343 | D:7      | Reached XP level 9. HP: 80/93 MP: 8/8
  4385 | D:7      | Found a sparkling altar of Nemelex Xobeh.
  4519 | D:7      | Gained mutation: Armour fits poorly on your strangely shaped body. [mutagenic meat]
  4520 | D:7      | Gained mutation: Your magical capacity is low. (-10% MP) [mutagenic meat]
  4521 | D:7      | Lost mutation: Your muscles are strong. (Str +2) [mutagenic meat]
  4746 | D:7      | Found a burning altar of Makhleb.
  4747 | D:7      | Found a radiant altar of Vehumet.
  4816 | D:8      | Reached skill level 9 in Unarmed Combat
  4859 | D:8      | Gained mutation: You have a pair of horns on your head. [mutagenic meat]
  4860 | D:8      | Gained mutation: You have supernaturally acute eyesight. (SInv) [mutagenic meat]
  4979 | D:8      | Noticed a two-headed ogre
  4984 | D:8      | Killed a two-headed ogre
  4984 | D:8      | Reached skill level 10 in Unarmed Combat
  5177 | D:8      | Reached XP level 10. HP: 102/106 MP: 8/8
  5412 | D:8      | Found a staircase to the Lair.
  5427 | D:8      | Slain by a komodo dragon

Skill      XL: |  1  2  3  4  5  6  7  8  9 10 |
---------------+-------------------------------+-----
Fighting       | 3 4 5 6 7 8 9 |  9.1
Unarmed Combat | 3 4 6 7 8 10 | 10.6
Dodging        | |  2.4
Shields        | |  2.4

Action                   |  1- 3 |  4- 6 |  7- 9 | 10-12 || total
-------------------------+-------+-------+-------+-------++-------
Melee: Unarmed           |   123 |    94 |   238 |    33 ||   488
       Headbutt          |       |       |    35 |     7 ||    42
  Use: Scroll            |       |     3 |     3 |       ||     6
  Eat: Chunk             |    15 |    13 |    40 |     2 ||    70
Armor: Robe              |    38 |    14 |    83 |     5 ||   140
Dodge: Dodged            |    32 |    25 |    78 |     2 ||   137
Block: Shield            |    44 |    30 |   106 |    10 ||   190
